Map: Ruins of Seras

Players

PotatoGundam

  • Race: Protoss Protoss
  • League: Bronze

SticklerMac - Winner!

  • Race: Zerg Zerg
  • League: Bronze

VOD

Have the link to the VOD?

Description

Time

  • Played on: Aug. 11, 2015, 4:45 p.m.
  • Length: 19:08
Show
View Real Time Build Order
Export as new Build Order

PotatoGundam Protoss 

Build Orders:  

Get SALT Encoding   

  12  0:02  Probe  
  13  0:15  Pylon  
  13  0:22  Assimilator  
  13  0:24  Probe  
  14  0:36  Probe  
  15  0:43  Gateway  
  16  0:50  Probe (Chrono Boost)  
  16  1:00  Probe (Chrono Boost)  
  17  1:07  Probe  
  17  1:09  Pylon  
  18  1:19  Probe  
  19  1:31  Cybernetics Core, Probe (Chrono Boost)  
  20  1:38  Assimilator  
  20  1:42  Probe (Chrono Boost)  
  20  1:44  Zealot  
  23  1:51  Probe  
  24  2:04  Probe  
  25  2:16  Probe  
  25  2:20  Stalker  
  28  2:31  Nexus  
  28  2:37  Probe  
  29  2:44  Pylon  
  29  2:49  Probe  
  30  2:58  Gateway, Warp Gate (Chrono Boost)  
  30  3:10  Probe  
  33  3:18  Sentry  
  33  3:22  Gateway  
  33  3:26  Probe  
  33  3:38  Probe (Chrono Boost)  
  33  3:40  Pylon  
  34  3:45  Probe (Chrono Boost)  
  35  3:50  Probe (Chrono Boost)  
  41  3:55  Sentry (Chrono Boost)  
  41  3:56  Probe (Chrono Boost)  
  41  3:59  Probe (Chrono Boost)  
  41  4:02  Sentry (Chrono Boost), Probe (Chrono Boost)  
  43  4:07  Probe  
  44  4:11  Sentry  
  44  4:13  Mothership Core  
  48  4:18  Stargate  
  48  4:19  Probe  
  48  4:23  Pylon  
  49  4:32  Probe  
  49  4:34  Probe  
  51  4:44  Probe  
  52  4:56  Probe x2  
  52  4:58  Assimilator  
  54  5:00  Stalker x3  
  54  5:03  Assimilator  
  54  5:04  Oracle (Chrono Boost)  
  63  5:08  Probe x2  
  63  5:14  Pylon  
  65  5:23  Robotics Facility  
  65  5:25  Probe (Chrono Boost)  
  65  5:28  Probe (Chrono Boost)  
  68  5:41  Probe (Chrono Boost)  
  68  5:45  Stalker x3  
  74  5:53  Forge  
  74  5:54  Forge  
  74  5:57  Pylon  
  74  6:03  Pylon  
  74  6:04  Pylon  
  74  6:09  Phoenix  
  76  6:36  Phoenix (Chrono Boost)  
  76  6:38  Probe x2  
  80  6:42  Immortal  
  80  6:44  Protoss Ground Weapons Level 1 (Chrono Boost)  
  84  6:50  Probe x2  
  84  6:53  Phoenix (Chrono Boost)  
  88  7:02  Probe  
  89  7:16  Probe  
  89  7:17  Probe, Phoenix (Chrono Boost)  
  89  7:21  Observer  
  85  7:23  Stalker  
  85  7:24  Stalker x2  
  85  7:28  Probe  
  85  7:29  Void Ray (Chrono Boost)  
  80  7:42  Immortal  
  78  7:48  Stalker x3  
  72  8:00  Probe  
  67  8:12  Probe  
  57  8:14  Stalker x3  
  59  8:20  Nexus  
  59  8:24  Probe, Void Ray (Chrono Boost)  
  62  8:33  Immortal  
  62  8:36  Probe  
  47  9:10  Probe  
  48  9:19  Zealot x3  
  54  9:24  Probe  
  55  9:36  Probe  
  55  9:40  Nexus  
  55  9:50  Probe  
  56  10:00  Sentry x3  
  62  10:09  Probe  
  61  10:21  Probe  
  58  10:33  Probe  
  59  10:42  Pylon  
  59  10:45  Probe  
  60  10:57  Probe  
  60  10:58  Void Ray  
  60  11:03  Observer  
  66  11:09  Probe  
  67  11:21  Probe  
  68  11:26  Assimilator  
  68  11:33  Probe  
  68  11:34  Immortal  
  73  11:41  Void Ray  
  73  11:45  Probe  
  78  12:04  Probe  
  79  12:16  Probe  
  79  12:20  Sentry  
  82  12:27  Nexus  
  82  12:28  Probe  
  83  12:31  Pylon  
  83  12:33  Pylon  
  83  12:35  Void Ray  
  83  12:37  Pylon  
  83  12:40  Probe  
  84  12:57  Stalker x2, Zealot  
  90  13:26  Phoenix  
  88  13:27  Stalker x3  
  88  13:28  Probe  
  94  13:40  Probe  
  95  13:51  Assimilator  
  95  13:52  Stalker x3  
  95  13:53  Assimilator  
  101  13:58  Twilight Council  
  101  14:07  Phoenix (Chrono Boost)  
  103  14:24  Immortal  
  103  14:26  Phoenix (Chrono Boost)  
  109  14:33  Pylon  
  109  14:35  Pylon  
  109  14:38  Blink (Chrono Boost)  
  109  14:39  Stalker x2  
  109  14:40  Stalker  
  115  14:51  Phoenix (Chrono Boost)  
  104  15:06  Probe x3  
  107  15:12  Phoenix (Chrono Boost)  
  109  15:18  Probe x2  
  109  15:19  Probe  
  109  15:20  Sentry x2  
  109  15:21  Sentry  
  118  15:30  Probe x2  
  118  15:31  Probe  
  121  15:36  Phoenix (Chrono Boost)  
  121  15:42  Probe x2  
  125  15:43  Probe  
  126  15:52  Sentry x3  
  132  16:20  Pylon  
  132  16:24  Gateway  
  132  16:25  Gateway  
  130  16:29  Pylon  
  130  16:31  Pylon  
  130  16:34  Pylon  
  130  16:38  Probe  
  131  16:40  Stalker x2  
  131  16:41  Stalker  
  137  16:48  Pylon  
  137  17:21  Stalker x3  
  143  17:49  Cybernetics Core  
  143  17:52  Pylon  
  143  17:53  Pylon  
  143  17:57  Nexus, Pylon  
  143  18:02  Pylon  
  143  18:03  Pylon  
  143  18:11  Pylon  
  142  18:14  Pylon  
  142  18:16  Pylon  
  125  18:37  Stalker x2  
Show
View Real Time Build Order
Export as new Build Order

SticklerMac Zerg - Winner!

Build Orders: Hatch First 

Get SALT Encoding   

  12  0:01  Drone  
  13  0:12  Overlord  
  13  0:17  Drone  
  14  0:25  Overlord  
  14  0:33  Drone  
  14  0:34  Drone  
  16  0:47  Drone  
  17  1:01  Hatchery  
  16  1:05  Drone  
  16  1:08  Drone  
  18  1:22  Spawning Pool  
  17  1:27  Drone, Extractor  
  17  1:29  Drone  
  18  1:39  Drone  
  19  1:50  Drone  
  20  2:02  Drone  
  21  2:09  Queen  
  21  2:11  Drone  
  21  2:15  Queen  
  26  2:16  Drone  
  26  2:22  Drone  
  28  2:24  Drone  
  28  2:26  Metabolic Boost  
  29  2:34  Drone  
  29  2:35  Drone  
  31  2:39  Extractor  
  31  2:43  Drone  
  31  2:50  Drone  
  32  2:54  Queen  
  32  2:56  Overlord  
  32  2:57  Queen  
  36  3:05  Overlord  
  36  3:12  Roach Warren  
  35  3:14  Drone  
  35  3:15  Extractor  
  35  3:19  Drone  
  36  3:25  Drone  
  36  3:26  Drone  
  38  3:33  Drone x2  
  40  3:44  Drone  
  40  3:45  Drone x5  
  47  3:48  Drone x2  
  47  3:54  Drone x2  
  50  3:59  Overlord  
  50  4:05  Lair  
  50  4:10  Overlord  
  50  4:18  Roach x2  
  50  4:20  Drone, Spine Crawler  
  54  4:26  Zergling x2  
  54  4:27  Roach x2  
  54  4:29  Roach  
  54  4:31  Roach  
  63  4:36  Evolution Chamber  
  63  4:44  Roach x2  
  63  4:45  Roach  
  68  4:46  Overlord  
  68  4:48  Overlord  
  68  4:57  Overlord x2  
  68  4:59  Overlord  
  68  5:08  Zerg Missile Weapons Level 1  
  68  5:09  Glial Reconstitution  
  68  5:10  Roach  
  68  5:11  Roach  
  68  5:12  Roach  
  74  5:15  Overlord  
  74  5:18  Roach  
  74  5:20  Roach  
  78  5:24  Roach  
  78  5:26  Pneumatized Carapace  
  80  5:40  Roach  
  80  5:41  Roach x5  
  94  5:42  Roach  
  94  5:45  Roach  
  97  5:50  Roach  
  97  5:55  Roach  
  97  5:56  Roach x2  
  103  5:58  Roach  
  103  6:00  Roach  
  107  6:06  Overlord x2  
  107  6:12  Overlord  
  107  6:13  Overlord  
  107  6:23  Roach  
  101  6:40  Spore Crawler  
  101  6:42  Spore Crawler x2  
  101  6:43  Drone  
  101  6:44  Spore Crawler, Drone x2  
  101  6:46  Drone  
  102  6:47  Drone  
  102  6:48  Roach  
  102  6:49  Roach x2  
  110  6:54  Roach  
  110  6:55  Roach  
  110  6:59  Burrow  
  112  7:16  Roach  
  112  7:17  Roach x6  
  122  7:27  Roach  
  122  7:28  Roach x3  
  120  7:35  Roach x3  
  114  7:42  Roach x3  
  112  7:51  Roach x3  
  112  7:54  Roach  
  112  7:55  Roach  
  112  8:04  Roach x2  
  114  8:11  Roach x2  
  112  8:19  Roach x2  
  110  8:27  Roach  
  104  8:29  Zergling x2  
  104  8:30  Zergling x6  
  104  8:32  Overlord x2  
  92  8:43  Roach x2  
  90  8:52  Roach x2  
  92  8:56  Overlord x3  
  86  9:04  Roach  
  86  9:05  Roach  
  86  9:07  Zergling x8  
  90  9:14  Zergling x2  
  81  9:21  Roach  
  78  9:27  Roach x2  
  67  9:43  Overlord x5  
  64  10:00  Roach x2  
  64  10:01  Roach  
  69  10:08  Roach  
  69  10:09  Roach  
  54  10:41  Roach  
  54  10:42  Zergling x10  
  61  10:50  Hatchery  
  60  10:58  Hatchery  
  59  11:09  Spire  
  58  11:35  Drone x3, Extractor  
  58  11:36  Drone x5  
  58  11:37  Drone x6  
  71  11:50  Hydralisk Den  
  70  12:13  Spore Crawler  
  70  12:14  Spore Crawler  
  70  12:15  Spore Crawler  
  67  12:17  Drone x4  
  67  12:18  Drone x7  
  67  12:19  Drone x2  
  80  12:43  Mutalisk  
  80  12:44  Mutalisk x7  
  96  12:53  Extractor  
  96  12:55  Extractor  
  96  12:57  Extractor  
  96  12:58  Extractor  
  92  13:09  Mutalisk x3  
  98  13:19  Mutalisk  
  100  13:28  Drone  
  100  13:29  Drone x6  
  100  13:30  Drone x7  
  114  13:36  Queen  
  114  13:38  Queen  
  118  13:43  Spore Crawler  
  118  13:46  Spore Crawler  
  118  13:47  Spore Crawler  
  115  13:51  Spore Crawler  
  115  13:55  Mutalisk  
  114  13:56  Mutalisk x4  
  124  14:06  Mutalisk x2  
  128  14:24  Mutalisk x4  
  136  14:34  Mutalisk  
  136  14:35  Mutalisk  
  136  14:36  Overlord x2  
  136  14:37  Overlord x3  
  140  14:44  Mutalisk x2  
  144  14:47  Mutalisk  
  146  14:53  Mutalisk  
  146  14:58  Mutalisk  
  144  15:09  Mutalisk  
  144  15:10  Mutalisk x2  
  150  15:21  Mutalisk x2  
  154  15:33  Mutalisk x3  
  160  15:39  Mutalisk  
  162  15:46  Mutalisk x2  
  166  16:03  Mutalisk  
  166  16:04  Mutalisk x2  
  172  16:11  Mutalisk x2  
  172  16:18  Mutalisk  
  176  16:25  Mutalisk  
  178  16:29  Mutalisk  
  178  16:31  Drone  
  181  16:38  Mutalisk x2  
  183  16:52  Mutalisk x2  
  187  16:56  Mutalisk  
  189  17:02  Mutalisk  
  191  17:15  Mutalisk x2  
  193  17:18  Mutalisk  
  197  17:27  Mutalisk  
  199  17:35  Hatchery, Mutalisk  
  197  17:50  Mutalisk  
  199  18:23  Mutalisk x2  
  199  18:40  Mutalisk  
Tags
 
Add a new tag
Caveats
  • Supply blocks, unpowered buildings, or Contaminate may cause inaccurate times.
  • Supply counts are checked every 10 seconds.